 Dungeon Crawl Stone Soup version 0.22.0-6-g71bd7aa (webtiles) character file.

49 letownia2 the Insei (level 3, -2/26 HPs)
             Began as a Demonspawn Transmuter on Aug 15, 2018.
             Slain by a water moccasin (8 damage)
             ... on level 3 of the Dungeon.
             The game lasted 00:06:34 (766 turns).

letownia2 the Insei (Demonspawn Transmuter)          Turns: 766, Time: 00:06:34

Health: -2/26      AC:  6    Str: 11    XL:     3   Next: 51%
Magic:  5/6        EV: 12    Int: 14    God:
Gold:   104        SH:  0    Dex: 13    Spells: 3/6 levels left

rFire    + . .     SeeInvis .     - Unarmed
rCold    . . .     Gourm    .   (no shield)
rNeg     . . .     Faith    .   e - +0 leather armour
rPois    .         Spirit   .   (no helmet)
rElec    .         Reflect  .   (no cloak)
rCorr    .         Harm     .   q - +0 pair of gloves
MR       .....                  l - +1 pair of boots
Stlth    +.........             (no amulet)
HPRegen  0.08/turn              v - ring of protection from fire
MPRegen  0.10/turn              (no ring)

@: confused, lethally poisoned (-2 -> -13), very slightly contaminated, hasted,
very quick
A: large bone plates 1, rot immunity
a: no special abilities


You were on level 3 of the Dungeon.
You were not hungry.

You visited 1 branch of the dungeon, and saw 4 of its levels.

You collected 104 gold pieces.

Inventory:

Hand Weapons
 i - a +1 spear of piercing
Missiles
 a - 10 arrows
 j - 20 sling bullets
 t - 9 poisoned needles
Armour
 b - a +0 robe
 e - a +0 leather armour (worn)
 l - a +1 pair of boots (worn)
 p - a +0 ring mail
 q - a +0 pair of gloves (worn)
Jewellery
 v - a ring of protection from fire (left hand)
Scrolls
 f - 2 scrolls of teleportation {unknown}
 h - 2 scrolls of identify {unknown}
 k - a scroll of enchant weapon {unknown}
 m - a scroll of fog {unknown}
 n - a scroll of amnesia {unknown}
 o - a scroll of remove curse {unknown}
 s - a scroll of noise {unknown}
Potions
 g - a potion of agility {unknown}
 r - a potion of degeneration {unknown}
 u - a potion of might {unknown}
Comestibles
 d - 5 rations


   Skills:
 - Level 1.0 Fighting
 - Level 1.7 Dodging
 + Level 4.2 Unarmed Combat
 - Level 2.0 Spellcasting
 - Level 1.7 Transmutations


You had 3 spell levels left.
You knew the following spells:

 Your Spells              Type           Power        Failure   Level  Hunger
a - Beastly Appendage     Tmut           #.....       16%         1    ##.....
l - Sticks to Snakes      Tmut           #.......     22%         2    ###....

Your spell library contained the following spells:

 Spells                   Type           Power        Failure   Level  Hunger
 Spider Form              Tmut/Pois      #.........   54%         3    ####...
 Blade Hands              Tmut           #.........   99%         5    ######.
 Ice Form                 Ice/Tmut       #.......     91%         4    #####..


Dungeon Overview and Level Annotations

Branches:
Dungeon (4/15)
 Temple: D:4-7

Altars:

Shops:
D:4 *


Innate Abilities, Weirdness & Mutations

You are partially covered in large bone plates. (SH +4)
You are immune to rotting.


Message History

There is a stone staircase leading down here.
Unknown command.
Unknown command.
Unknown command.
* * * LOW HITPOINT WARNING * * *
You feel sick.
Unknown command.
* * * LOW HITPOINT WARNING * * *
You feel sick.
Unknown command.
* * * LOW HITPOINT WARNING * * *
You feel sick.
Unknown command.
Unknown command.
It was a potion of ambrosia.
You are confused.
You feel invigorated.
* * * LOW HITPOINT WARNING * * *
You feel sick. The water moccasin bites you!
You die...

#........#
#..####[## #..#
#.. #..# ###
#..# ##..# #...#
#..###########.#
#.....>..S@.%..#
#.#########..###
#.# #.# #.# .#
#.# # #.# ## #.#
8 #.# .# #.#


You could see a water moccasin.

Vanquished Creatures
  An adder (D:4)
  A dart slug (D:1)
  3 leopard geckos
  2 giant cockroaches
  7 goblins (D:1)
  A hobgoblin (D:1)
  7 jackals (D:1)
  A quokka (D:2)
  A ball python (D:2)
  3 bats
  A frilled lizard (D:1)
  2 kobolds
  5 rats
35 creatures vanquished.

Notes
Turn   | Place    | Note
-------+----------+-------------------------------------------
     0 | D:1      | letownia2 the Demonspawn Transmuter began the quest for the Orb.
     0 | D:1      | Reached XP level 1. HP: 15/15 MP: 3/3
    85 | D:1      | Reached skill level 3 in Unarmed Combat
   121 | D:1      | Gained mutation: You are partially covered in large bone plates. (SH +4) [demonic ancestry]
   121 | D:1      | Reached XP level 2. HP: 16/21 MP: 1/5
   285 | D:1      | Learned a level 2 spell: Sticks to Snakes
   414 | D:1      | Gained mutation: You are immune to rotting. [demonic ancestry]
   414 | D:1      | Reached XP level 3. HP: 20/26 MP: 6/6
   502 | D:2      | Reached skill level 4 in Unarmed Combat
   749 | D:4      | Found Avainij's Serpentskin Sales.
   749 | D:4      | Noticed a water moccasin
   749 | D:4      | Noticed a water moccasin
   749 | D:4      | Noticed a water moccasin
   749 | D:4      | Noticed a water moccasin
   766 | D:3      | Slain by a water moccasin

Skill      XL: |  1  2  3 |
---------------+----------+-----
Unarmed Combat | 3 4 |  4.2
Fighting       | |  1.0
Dodging        | |  1.7
Spellcasting   | |  2.0
Transmutations | |  1.7

Action                   || total
-------------------------++-------
Melee: Unarmed           ||   105
       Kick              ||     4
       Headbutt          ||    11
       Punch             ||     3
 Cast: Beastly Appendage ||    21
       Sticks to Snakes  ||     2
  Use: Potion            ||     2
Armor: Leather armour    ||    21
Dodge: Dodged            ||    51
Block: Other             ||    23
